 Seeded DCSS version 0.32-a0-898-g7811c86cf0 (webtiles) character file.

Game seed: 202404045 (custom seed)

3 Orlauf the Twirler (level 1, 0/16 HPs)
             Began as a Demonspawn Gladiator on Apr 4, 2024.
             Slain by a giant cockroach (1 damage)
             ... on level 1 of the Dungeon.
             The game lasted 00:00:12 (136 turns).

Orlauf the Twirler (Demonspawn Gladiator)            Turns: 136, Time: 00:00:13

Health: 0/16       AC:  4    Str: 14    XL:     1   Next: 41%
Magic:  1/1        EV: 11    Int:  8    God:
Gold:   53         SH:  0    Dex: 14    Spells: 0/0 levels left

rFire   . . .        a - +0 quarterstaff
rCold   . . .        (shield currently unavailable)
rNeg    . . .        b - +0 leather armour
rPois   .            c - +0 helmet
rElec   .            (no cloak)
rCorr   .            (no gloves)
SInv    .            (no boots)
Will    .....        (no amulet)
Stlth   +            (no ring)
HPRegen 0.22/turn    (no ring)
MPRegen 0.07/turn

%: no passive effects
@: no status effects
A: no striking features
a: no special abilities


You were on level 1 of the Dungeon.
You visited 1 branch of the dungeon, and saw 1 of its levels.

You collected 53 gold pieces.

Inventory:

Hand Weapons
 a - a +0 quarterstaff (weapon)
Missiles
 d - 3 throwing nets (quivered)
 e - a javelin
Armour
 b - a +0 leather armour (worn)
 c - a +0 helmet (worn)
Jewellery
 f - an amulet of faith
Scrolls
 h - a scroll of vulnerability {unknown}
 i - a scroll of identify {unknown}
Potions
 g - 2 potions of haste {unknown}
 j - a potion of berserk rage {unknown}


   Skills:
 + Level 2.1 Fighting
 * Level 2.8 Staves
 - Level 1.7 Throwing
 - Level 2.6 Dodging


You couldn't memorise any spells.
You didn't know any spells.
Your spell library was empty.

Dungeon Overview and Level Annotations

Branches:
Dungeon (1/15)

Altars:


Message History

There are monsters nearby!
A ball python comes into view.
You sock the hobgoblin!
You kill the hobgoblin!
A ball python comes into view.
The ball python hisses angrily.
The goblin hits you with a +0 dagger.
A giant cockroach comes into view.
You barely miss the goblin. The goblin barely misses you.
The ball python bites you but does no damage.
The ball python misses you.
You closely miss the goblin. The goblin hits you but does no damage.
The ball python closely misses you. x2
You closely miss the goblin. The goblin hits you with a +0 dagger.
The ball python completely misses you. The ball python closely misses you.
The goblin hits you with a +0 dagger.
You hit the goblin.
The goblin is moderately wounded.
The ball python bites you. The ball python closely misses you.
The goblin misses you. The ball python closely misses you. x2
You closely miss the goblin.
The goblin is moderately wounded.
The ball python bites you but does no damage.
The ball python grabs you. The ball python constricts you.
The giant cockroach bites you but does no damage.
The ball python bites you but does no damage.
The goblin hits you with a +0 dagger.
The ball python's grasp on you weakens, but your attempt to escape fails.
The ball python bites you but does no damage.
The ball python constricts you. The ball python bites you.
* * * LOW HITPOINT WARNING * * *
The giant cockroach bites you.
* * * LOW HITPOINT WARNING * * *
The goblin hits you but does no damage.
Unknown command.
You escape the ball python's grasp.
The ball python bites you.
* * * LOW HITPOINT WARNING * * *
The goblin attacks as it pursues you! The goblin closely misses you.
The giant cockroach bites you.
You die...

#..#.#....##.#....#.#
..
..........#.#.#..#.#.#
...
.#.........#.##..##.#..
..# .# ..
....##....##.... .. ..
....#......#....... ...
.. #......# ..... ....
##....##...... ..
##..##.# ... ..
#.#.@#.# .. #.gBS# ..
#....S.# ##
#..........# .#
#............# .#
............... ##
............... .#
########.###.## .# .#
..


You could see a giant cockroach, a goblin and 2 ball pythons.

Vanquished Creatures
  A giant cockroach (D:1)
  A hobgoblin (D:1)
  A rat (D:1)
3 creatures vanquished.

Notes
Turn   | Place    | Note
-------+----------+-------------------------------------------
     0 | D:1      | Orlauf the Demonspawn Gladiator began the quest for the
                  | Orb.
     0 | D:1      | Reached XP level 1. HP: 16/16 MP: 1/1
   136 | D:1      | Slain by a giant cockroach

Illustrated notes

Levels and vault maps discovered:
D:1:      matt_arrival_grand_opening, layout_rooms, serial_shops, shop,
          chequers_serial_rivers_room_a, kennysheep_pointless_box,
          minmay_misc_feat_secret_circle, fountainhead

Action                     || total
---------------------------++-------
  Melee: Quarterstaff      ||    15
 Armour: Leather armour    ||    21
  Dodge: Dodged            ||    20

Table legend: (Time is in decaauts)
 A = Elapsed time spent in this place.
 B = Non-inter-level travel time spent in this place.
 C = Inter-level travel time spent in this place.
 D = Time resting spent in this place.
 E = Time spent auto-exploring this place.
 F = Levels seen in this place.
 G = Mean time per level.
                   A        B        C        D        E       F      G
               +--------+--------+--------+--------+--------+-----+--------+
         Total |    138 |    138 |      0 |      0 |    102 |   1 |  138.0 |
       Dungeon |    138 |    138 |      0 |      0 |    102 |   1 |  138.0 |
               +--------+--------+--------+--------+--------+-----+--------+

Top non-repeatable levels by time:
     D:1: 138 daAuts
